[Event "Titled Tuesday Blitz September 20 Late 2022"]
[White "Ceres, Dragos"]
[Black "Munoz Sanchez, Miguel"]
[WhiteFideId "13905864"]
[BlackFideId "3600734"]
[WhiteElo "2150"]
[BlackElo "2166"]
[Result "1/2-1/2"]
[Round "03"]
[TimeControl "180+1"]
[Date "2022.09.20"]
[WhiteClock "0:00:07"]
[BlackClock "0:00:09"]

1. d4 Nf6 2. Nf3 g6 3. c3 Bg7 4. Bg5 O-O 5. Nbd2 c5 6. dxc5 Qc7 7. e4 Qxc5 8. Be3 Qc7 9. h3 d6 10. Be2 Nc6 11. O-O h6 12. Re1 Kh7 13. a4 a5 14. Nd4 Bd7 15. Nb5 Qd8 16. f3 Ne5 17. f4 Bxb5 18. Bxb5 Nc6 19. Qf3 Nd7 20. Rad1 Qc7 21. Qf2 b6 22. Nc4 Nc5 23. Bxc5 bxc5 24. Qf3 Na7 25. f5 Nxb5 26. axb5 Rab8 27. b6 Qc6 28. fxg6+ fxg6 29. Qd3 Qb5 30. Rf1 a4 31. Rxf8 Rxf8 32. Rf1 Rxf1+ 33. Kxf1 e6 34. Ke2 Qb3 35. g4 a3 36. bxa3 Bxc3 37. Nxd6 Qb2+ 38. Kf3 Bd4 39. Qe2 Qxb6 40. Nc4 Qb3+ 41. Kg2 Qb1 42. e5 Qg1+ 43. Kf3 Qh1+ 44. Kg3 Qg1+ 45. Kf4 Qc1+ 46. Ke4 Qb1+ 47. Kf3 Qh1+ 48. Kg3 Qg1+ 49. Qg2 Qe1+ 50. Kh2 Bxe5+ 51. Nxe5 Qxe5+ 52. Kh1 Qa1+ 53. Kh2 Qe5+ 54. Kg1 Qd4+ 55. Qf2 Qa1+ 56. Kg2 Qxa3 57. Qf7+ Kh8 58. Qf8+ Kh7 59. Qf7+ Kh8 60. Qe8+ Kg7 61. Qe7+ Kh8 62. Qxe6 Qb2+ 63. Kf3 Qc3+ 64. Kf2 Qd4+ 65. Ke2 Kh7 66. Qf7+ Qg7 67. Qc4 Qe7+ 68. Kf3 h5 69. gxh5 gxh5 70. Qd3+ Kh6 71. Qd2+ Qg5 72. Qd6+ Kg7 73. Qd7+ Kg6 74. Qe8+ Kh6 75. Qh8+ Kg6 76. Qg8+ Kh6 77. Qf8+ Kg6 78. Qe8+ Kf6 79. Qc6+ Kg7 80. Qd7+ Kg6 81. Qe8+ 1/2-1/2


[Site "https://www.chess.com"]

[Event "Titled Tuesday Blitz September 20 Late 2022"]
[White "Cruz, Jonathan"]
[Black "Paravyan, David"]
[WhiteFideId "3802124"]
[BlackFideId "4194985"]
[WhiteElo "2406"]
[BlackElo "2555"]
[Result "0-1"]
[Round "03"]
[TimeControl "180+1"]
[Date "2022.09.20"]
[WhiteClock "0:00:02"]
[BlackClock "0:00:24"]

1. e4 e5 2. Nf3 Nf6 3. Nc3 Nc6 4. Bb5 Nd4 5. Bc4 Bc5 6. O-O d6 7. Nxd4 Bxd4 8. d3 c6 9. Ne2 Bb6 10. Be3 O-O 11. Bb3 a5 12. Bxb6 Qxb6 13. a4 Be6 14. Ra3 d5 15. exd5 Nxd5 16. Kh1 Rad8 17. Qe1 Rfe8 18. Ng3 f6 19. Ne4 Bf7 20. Nc3 Qb4 21. Ne4 b6 22. Nd2 Qe7 23. Nc4 Qc7 24. Ne3 Qd7 25. Bc4 h6 26. Rb3 Nb4 27. Bxf7+ Qxf7 28. Rc3 c5 29. f3 Kh7 30. Nc4 Re6 31. Qf2 Rde8 32. Ra3 f5 33. Raa1 Qd7 34. b3 Qd4 35. Qd2 Qf4 36. Qf2 Qd4 37. Rae1 Qc3 38. h3 Qxc2 39. Re2 Qxd3 40. Rd2 Qxb3 41. Nd6 Nd3 42. Rxd3 Qxd3 43. Nxe8 Rxe8 44. Re1 Qd4 45. Qg3 e4 46. Qf4 Qe5 47. Qh4 e3 48. f4 Qe4 49. Qh5 c4 50. Qf7 Re6 0-1


[Site "https://www.chess.com"]

[Event "Titled Tuesday Blitz September 20 Late 2022"]
[White "Donchenko, Alexander"]
[Black "Souleidis, Georgios"]
[WhiteFideId "24603295"]
[BlackFideId "4206827"]
[WhiteElo "2572"]
[BlackElo "2401"]
[Result "1-0"]
[Round "03"]
[TimeControl "180+1"]
[Date "2022.09.20"]
[WhiteClock "0:01:31"]
[BlackClock "0:00:03"]

1. Nf3 Nf6 2. g3 g6 3. Bg2 Bg7 4. O-O O-O 5. d4 d6 6. b3 e5 7. dxe5 dxe5 8. Ba3 Re8 9. Nc3 c6 10. Qxd8 Rxd8 11. Rad1 Re8 12. Ng5 Na6 13. Nge4 Nxe4 14. Nxe4 Bg4 15. Rd2 Red8 16. Rfd1 Rxd2 17. Rxd2 Be6 18. Be7 Nc7 19. Nf6+ Kh8 20. c4 Ne8 21. Ne4 h6 22. Nc5 Rb8 23. Nxe6 fxe6 24. Bh3 Bf6 25. Bb4 Ng7 26. Rd7 a6 27. Bd6 Re8 28. Rxb7 Kg8 29. Rb6 h5 30. Rxa6 Rc8 31. Rb6 g5 32. f3 Ne8 33. Bxe6+ 1-0


[Site "https://www.chess.com"]

[Event "Titled Tuesday Blitz September 20 Late 2022"]
[White "Iliaguev, Nisim"]
[Black "Barash, Anton"]
[WhiteFideId "2817276"]
[BlackFideId "30935229"]
[WhiteElo "2107"]
[BlackElo "2271"]
[Result "1-0"]
[Round "03"]
[TimeControl "180+1"]
[Date "2022.09.20"]
[WhiteClock "0:02:25"]
[BlackClock "0:01:47"]

1. d4 Nf6 2. Nf3 g6 3. g3 Bg7 4. Bg2 O-O 5. O-O d6 6. b3 a5 7. a4 c6 8. Bb2 Nbd7 9. c4 e5 10. dxe5 dxe5 11. Nc3 Re8 12. Ng5 Qb6 13. Nge4 Nc5 14. Nxc5 Qxc5 15. Qc2 Bg4 16. h3 Be6 17. Rad1 Rad8 18. Rxd8 Rxd8 19. Rd1 Rxd1+ 20. Nxd1 Nd7 21. Nc3 Qb4 22. Ne4 Qe1+ 23. Kh2 f5 24. Bc3 1-0


[Site "https://www.chess.com"]

[Event "Titled Tuesday Blitz September 20 Late 2022"]
[White "Jobava, Baadur"]
[Black "Maze, Sebastien"]
[WhiteFideId "13601520"]
[BlackFideId "613762"]
[WhiteElo "2582"]
[BlackElo "2430"]
[Result "1-0"]
[Round "03"]
[TimeControl "180+1"]
[Date "2022.09.20"]
[WhiteClock "0:01:29"]
[BlackClock "0:00:58"]

1. e4 c5 2. c3 d6 3. d4 Nf6 4. Bd3 Nc6 5. Ne2 g6 6. O-O Bg7 7. f3 O-O 8. Be3 b6 9. Nd2 e5 10. d5 Ne7 11. a4 Nh5 12. g4 Nf4 13. Nxf4 exf4 14. Bxf4 f5 15. Nc4 fxe4 16. fxe4 Rxf4 17. Rxf4 g5 18. Rf2 Ba6 19. Ne3 Bxd3 20. Qxd3 Ng6 21. Nf5 Nf4 22. Rxf4 gxf4 23. Kg2 Be5 24. Kf3 a6 25. h4 Qe8 26. b3 Ra7 27. Ra2 Qc8 28. c4 Rb7 29. g5 Qb8 30. h5 b5 31. axb5 axb5 32. cxb5 Rxb5 33. Ra8 Qxa8 34. Qxb5 Qc8 35. Ne7+ 1-0


[Site "https://www.chess.com"]

[Event "Titled Tuesday Blitz September 20 Late 2022"]
[White "Korchmar, Vasiliy"]
[Black "Livaic, Leon"]
[WhiteFideId "24131750"]
[BlackFideId "14531534"]
[WhiteElo "2370"]
[BlackElo "2540"]
[Result "1/2-1/2"]
[Round "03"]
[TimeControl "180+1"]
[Date "2022.09.20"]
[WhiteClock "0:00:01"]
[BlackClock "0:00:05"]

1. e4 e6 2. d4 d5 3. e5 c5 4. c3 Nc6 5. Nf3 Bd7 6. Be2 Nge7 7. Na3 cxd4 8. cxd4 Nf5 9. Nc2 Qb6 10. O-O Rc8 11. g4 Nfe7 12. Be3 h5 13. h3 hxg4 14. hxg4 Ng6 15. Kg2 Nb4 16. Nxb4 Bxb4 17. Rh1 Rxh1 18. Qxh1 Bb5 19. Bxb5+ Qxb5 20. Qh7 Bf8 21. Ng5 Qd3 22. Rh1 Rc2 23. Rh3 Rxb2 24. Qg8 Kd7 25. Qxf7+ Be7 26. Qxe6+ Kc7 27. Qxd5 Rb1 28. Rh1 Bxg5 29. Rxb1 Qxb1 30. Bxg5 b6 31. e6 Qe1 32. Qd7+ Kb8 33. Qd5 Qe2 34. Qd8+ Kb7 35. Qd5+ Ka6 36. e7 Qxg4+ 37. Kf1 Qd1+ 38. Kg2 Qg4+ 39. Kh2 Qh5+ 40. Kg3 Nxe7 41. Qc4+ Kb7 42. Bxe7 Qg6+ 43. Kh2 Qh5+ 44. Kg2 Qg4+ 45. Kf1 Qd1+ 46. Kg2 Qg4+ 47. Kh2 Qh5+ 48. Kg3 Qg6+ 49. Kf3 Qf5+ 50. Kg3 Qg6+ 1/2-1/2


[Site "https://www.chess.com"]

[Event "Titled Tuesday Blitz September 20 Late 2022"]
[White "Kravtsiv, Martyn"]
[Black "Aggelis, Nikolaos"]
[WhiteFideId "14113147"]
[BlackFideId "4213220"]
[WhiteElo "2694"]
[BlackElo "2154"]
[Result "1-0"]
[Round "03"]
[TimeControl "180+1"]
[Date "2022.09.20"]
[WhiteClock "0:00:34"]
[BlackClock "0:00:16"]

1. e4 c5 2. Nf3 Nc6 3. d4 cxd4 4. Nxd4 Nf6 5. Nc3 e5 6. Ndb5 d6 7. Bg5 a6 8. Na3 b5 9. Nd5 Be7 10. Bxf6 Bxf6 11. c4 b4 12. Nc2 a5 13. g3 Bg5 14. Bg2 O-O 15. O-O Rb8 16. Qd3 Ne7 17. Nce3 Bxe3 18. Nxe3 Nc6 19. Rad1 Nd4 20. Nc2 Nxc2 21. Qxc2 Qc7 22. b3 Be6 23. Rd3 Rfd8 24. Qd2 a4 25. f4 f6 26. f5 Bf7 27. g4 axb3 28. axb3 Qa7+ 29. Kh1 Qc5 30. g5 Kf8 31. Rh3 Bg8 32. gxf6 gxf6 33. Qh6+ Ke7 34. Qg7+ Bf7 35. Rh6 Rg8 36. Qxf6+ Ke8 37. Qxd6 Qxd6 38. Rxd6 Ke7 39. Rfd1 Ra8 40. Bf3 Rgc8 41. Rd7+ Kf8 42. Kg2 Ra2+ 43. Kg3 Rb2 44. R1d3 h5 45. f6 h4+ 46. Kxh4 Rxh2+ 47. Kg3 Rh6 48. Rd8+ Rxd8 49. Rxd8+ Be8 50. Rb8 Rxf6 51. Bh5 Re6 52. Kg4 Re7 53. Rxe8+ Rxe8 54. Bxe8 Kxe8 55. Kf5 Kd7 56. Kxe5 1-0


[Site "https://www.chess.com"]

[Event "Titled Tuesday Blitz September 20 Late 2022"]
[White "Leitao, Rafael"]
[Black "Abdrlauf, Elham"]
[WhiteFideId "2101246"]
[BlackFideId "1533533"]
[WhiteElo "2609"]
[BlackElo "2409"]
[Result "1-0"]
[Round "03"]
[TimeControl "180+1"]
[Date "2022.09.20"]
[WhiteClock "0:00:11"]
[BlackClock "0:00:08"]

1. c4 g6 2. g3 Bg7 3. Bg2 e6 4. d4 Ne7 5. Nf3 O-O 6. O-O d5 7. Qc2 dxc4 8. Qxc4 a6 9. Qc2 Bd7 10. Ne5 Nbc6 11. Nxd7 Qxd7 12. e3 Rad8 13. Nc3 e5 14. d5 Nb4 15. Qb3 Nd3 16. Qxb7 f5 17. e4 f4 18. Qxa6 Nxc1 19. Rfxc1 Rf6 20. Qc4 Kh8 21. Nb5 c6 22. Nc3 cxd5 23. exd5 fxg3 24. hxg3 Nf5 25. Ne4 Rb6 26. Nc5 Qe7 27. Ne6 Rdb8 28. Qc8+ Bf8 29. Qc3 Nd4 30. Nxd4 exd4 31. Qxd4+ Bg7 32. Qf4 Rxb2 33. Rc7 Qe5 34. Rac1 Qxf4 35. gxf4 h5 36. Rc8+ Rxc8 37. Rxc8+ Kh7 38. a4 Bd4 39. d6 Rd2 40. Rc7+ Kh6 41. d7 Bxf2+ 42. Kf1 Bg3 43. Bc6 Bxf4 44. Rc8 Bg5 45. a5 Ra2 46. Ra8 h4 47. a6 h3 48. a7 Kg7 49. Rg8+ Kxg8 50. Bd5+ Kg7 51. Bxa2 h2 52. Kg2 Bf4 53. Kh1 Bc7 54. a8=Q Bd8 55. Qb7 Be7 56. Qc8 Kh6 57. d8=Q Bxd8 58. Qxd8 Kg7 59. Qd7+ Kh6 60. Qe6 Kg7 61. Qg4 Kh6 62. Kxh2 Kg7 63. Bb1 Kh8 64. Qg5 Kh7 65. Qxg6+ Kh8 66. Qh7# 1-0


[Site "https://www.chess.com"]

[Event "Titled Tuesday Blitz September 20 Late 2022"]
[White "Lenderman, Aleksandr"]
[Black "Nasuta, Grzegorz"]
[WhiteFideId "2021285"]
[BlackFideId "1141686"]
[WhiteElo "2607"]
[BlackElo "2354"]
[Result "1-0"]
[Round "03"]
[TimeControl "180+1"]
[Date "2022.09.20"]
[WhiteClock "0:00:34"]
[BlackClock "0:00:01"]

1. e4 e5 2. Nf3 Nc6 3. d4 exd4 4. Nxd4 Nf6 5. Nc3 Bb4 6. Nxc6 bxc6 7. Bd3 d5 8. exd5 O-O 9. O-O Bg4 10. f3 Bh5 11. dxc6 Qd4+ 12. Kh1 Bxc3 13. bxc3 Qxc3 14. Bf4 Qxc6 15. Rb1 Bg6 16. Rb3 Nd5 17. Bd2 Rad8 18. Re1 Bxd3 19. Rxd3 Rd6 20. Re4 h6 21. Red4 Rfd8 22. h3 a6 23. Qb1 Nb6 24. Rxd6 Rxd6 25. Qb3 Rxd3 26. Qxd3 Qd5 27. Qxd5 Nxd5 28. Kg1 Kf8 29. Kf2 Ke7 30. Ke2 Kd6 31. Kd3 Kc5 32. a3 h5 33. c4 Nb6 34. Be3+ Kc6 35. Kc3 Nd7 36. Bd4 g6 37. g4 Nf8 38. Kb4 Ne6 39. Be3 f5 40. gxh5 gxh5 41. Kc3 f4 42. Bd2 Ng5 43. Bxf4 Nxf3 44. Be3 Kd6 45. Kb4 Kc6 46. Kb3 Kd6 47. Kc3 Kc6 48. Kd3 Ne1+ 49. Kd2 Nf3+ 50. Kc3 Kd6 51. Kb4 Kc6 52. Bf4 Ng1 53. h4 Nf3 54. Bg3 Nd4 55. Bf2 Nf5 56. Kc3 Nd6 57. Kd4 Kd7 58. Be1 Kc6 59. a4 Nb7 60. Ke5 Nc5 61. Kf5 Nd3 62. Bg3 Kc5 63. Kg5 Kxc4 64. Kxh5 c5 65. Kg6 Kd5 66. h5 c4 67. h6 c3 68. h7 c2 69. h8=Q c1=Q 70. Qd8+ Kc4 71. Qc8+ Kb3 72. Qxa6 Qc4 73. Qb5+ Qxb5 74. axb5 Kb4 75. b6 1-0


[Site "https://www.chess.com"]

[Event "Titled Tuesday Blitz September 20 Late 2022"]
[White "Lin, Dachey"]
[Black "Cukrowski, Filip"]
[WhiteFideId "2029650"]
[BlackFideId "1171097"]
[WhiteElo "2313"]
[BlackElo "2093"]
[Result "1-0"]
[Round "03"]
[TimeControl "180+1"]
[Date "2022.09.20"]
[WhiteClock "0:00:21"]
[BlackClock "0:00:42"]

1. g4 d6 2. Bg2 Nc6 3. g5 e5 4. d3 Be7 5. h4 Be6 6. c4 Qd7 7. Nc3 h6 8. Nf3 hxg5 9. Nxg5 Nf6 10. Nxe6 fxe6 11. Bg5 Nd8 12. Qd2 Nf7 13. Bxb7 Rb8 14. Bf3 Nxg5 15. hxg5 Rxh1+ 16. Bxh1 Nh7 17. g6 Nf8 18. O-O-O c6 19. Rg1 d5 20. Qe3 Bf6 21. Qc5 Be7 22. Qe3 Bf6 23. Qd2 Qd6 24. Bf3 Nd7 25. Rh1 Ke7 26. Kb1 e4 27. dxe4 dxe4 28. Qxd6+ Kxd6 29. Nxe4+ Kc7 30. Nxf6 Nxf6 31. Kc2 e5 32. Rh4 Kd6 33. Be4 c5 34. Bf5 Ke7 35. Rh3 Rb4 36. Rc3 Ne8 37. a3 Rb7 38. Be4 Rc7 39. Rb3 Nd6 40. Bd5 Kf6 41. Rb8 Nf5 42. Rf8+ Kg5 43. e3 Nh6 44. Be4 Kh5 45. Re8 Ng4 46. Bf3 Kg5 47. Bxg4 Kxg4 48. Rxe5 Rc6 49. f4 Kf3 50. Kd3 Rd6+ 51. Rd5 Rxg6 52. Rxc5 Re6 53. Re5 Rd6+ 54. Kc3 a6 55. c5 Rd1 56. b4 Rc1+ 57. Kd4 Ra1 58. c6 1-0


[Site "https://www.chess.com"]

[Event "Titled Tuesday Blitz September 20 Late 2022"]
[White "Mahdavi, Reza"]
[Black "Martinez Alcantara, Jose Eduardo"]
[WhiteFideId "12595926"]
[BlackFideId "3805662"]
[WhiteElo "2240"]
[BlackElo "2703"]
[Result "0-1"]
[Round "03"]
[TimeControl "180+1"]
[Date "2022.09.20"]
[WhiteClock "0:01:27"]
[BlackClock "0:01:37"]

1. e4 c5 2. c4 d6 3. Nc3 Nc6 4. g3 g6 5. Bg2 Bg7 6. Nge2 e6 7. d3 Nge7 8. h4 h5 9. Be3 Nd4 10. Qd2 Nec6 11. O-O O-O 12. Rab1 Bd7 13. a3 a6 14. b4 cxb4 15. axb4 b5 16. c5 dxc5 17. bxc5 Rc8 18. f4 b4 19. Na2 Nxe2+ 20. Qxe2 a5 21. e5 Ne7 22. d4 Bc6 23. Nc1 Bxg2 24. Qxg2 Nc6 25. Rd1 Qd7 26. Nb3 Rfd8 27. Nd2 Qd5 28. Ne4 a4 29. Nd6 Ra8 30. Nc4 Qxc4 31. Qxc6 a3 32. Rdc1 a2 33. Ra1 Qd3 34. Kf2 b3 0-1


[Site "https://www.chess.com"]

[Event "Titled Tuesday Blitz September 20 Late 2022"]
[White "Maksimovic, Bojan"]
[Black "Baskakov, Egor"]
[WhiteFideId "14408120"]
[BlackFideId "24197866"]
[WhiteElo "2447"]
[BlackElo "2211"]
[Result "1/2-1/2"]
[Round "03"]
[TimeControl "180+1"]
[Date "2022.09.20"]
[WhiteClock "0:00:02"]
[BlackClock "0:00:08"]

1. e4 c5 2. Nf3 Nf6 3. Nc3 d5 4. e5 Ne4 5. h3 Nc6 6. Bb5 Nxc3 7. bxc3 Bf5 8. O-O e6 9. d3 Qc7 10. Re1 h6 11. Rb1 Be7 12. c4 Rd8 13. cxd5 Rxd5 14. Bc4 Rd8 15. Bb2 a6 16. a4 O-O 17. Bc3 Nb4 18. Nd2 Qc6 19. a5 Qc7 20. Nb3 f6 21. exf6 Bxf6 22. Bxf6 Rxf6 23. Qe2 Kh7 24. Rbd1 Rdf8 25. c3 Nc6 26. Ra1 Qd6 27. Qe3 Bg6 28. Qxc5 Qd8 29. Rf1 Rf5 30. Qe3 Nxa5 31. Nxa5 Rxa5 32. Rxa5 Qxa5 33. d4 Rc8 34. Qxe6 Qc7 35. Bd5 Qxc3 36. Bxb7 Re8 37. Qxa6 Qxd4 38. Qa5 Re5 39. Qa1 Qd6 40. Bf3 Re7 41. Rd1 Qf4 42. Qc1 Qf6 43. Qc5 Re5 44. Qd6 Re1+ 45. Kh2 Re6 46. Qd4 Qe7 47. Qd8 Qc5 48. Qb8 Qg5 49. Rd8 Be4 50. Rh8+ Kg6 51. Bxe4+ Rxe4 52. Qb6+ Qf6 53. Qb1 Qf4+ 54. Kg1 Qf5 55. f3 Re7 56. Qxf5+ Kxf5 57. Rf8+ Kg6 58. Ra8 Kh7 59. Kf2 Rc7 60. Kg3 Rc5 61. Kg4 Rg5+ 62. Kf4 Rc5 63. g4 Rc4+ 64. Kg3 Rc3 65. h4 Rd3 66. h5 Rb3 67. Ra5 Rc3 68. Kf4 Rc4+ 69. Kf5 Rc3 70. f4 Rc1 71. Ra6 Rc4 72. Ke5 Rb4 73. Rd6 Ra4 74. Rd4 Ra5+ 75. Rd5 Ra4 76. Rd8 Rb4 77. g5 hxg5 78. fxg5 Rb5+ 79. Rd5 Rb1 80. Ke6 Re1+ 81. Re5 Rf1 82. Rf5 Rb1 83. Re5 Rf1 84. Ke7 Rf2 85. Re6 Rh2 86. h6 gxh6 87. gxh6 Rxh6 88. Rxh6+ Kxh6 1/2-1/2


[Site "https://www.chess.com"]

[Event "Titled Tuesday Blitz September 20 Late 2022"]
[White "McCoy, Owen"]
[Black "Safarli, Eltaj"]
[WhiteFideId "30924502"]
[BlackFideId "13402129"]
[WhiteElo "2635"]
[BlackElo "2634"]
[Result "0-1"]
[Round "03"]
[TimeControl "180+1"]
[Date "2022.09.20"]
[WhiteClock "0:00:04"]
[BlackClock "0:01:44"]

1. Nf3 Nf6 2. g3 g6 3. Bg2 Bg7 4. O-O O-O 5. d4 d5 6. c4 c6 7. Qa4 Nfd7 8. cxd5 Nb6 9. Qb3 cxd5 10. Ne5 Nc6 11. Nxc6 bxc6 12. e3 Bf5 13. Nc3 e5 14. dxe5 Bxe5 15. e4 dxe4 16. Bh6 Re8 17. Nxe4 Rb8 18. Rad1 Nd5 19. Qa4 Qb6 20. Rfe1 Qb4 21. Qxc6 Be6 22. Rxd5 Qxe1+ 23. Bf1 Qxe4 24. Rc5 Qxc6 25. Rxc6 Rxb2 26. Ra6 Bd4 27. Be3 Bxe3 28. fxe3 Rxa2 0-1


[Site "https://www.chess.com"]

[Event "Titled Tuesday Blitz September 20 Late 2022"]
[White "Meduri, Aakaash"]
[Black "Vasquez Schroeder, Rodrigo"]
[WhiteFideId "2032252"]
[BlackFideId "3400042"]
[WhiteElo "2113"]
[BlackElo "2577"]
[Result "0-1"]
[Round "03"]
[TimeControl "180+1"]
[Date "2022.09.20"]
[WhiteClock "0:00:02"]
[BlackClock "0:00:21"]

1. d4 Nf6 2. Nc3 d6 3. e4 Nbd7 4. Bc4 e5 5. Nf3 Be7 6. O-O O-O 7. h3 c6 8. a4 b6 9. Be3 a6 10. Bb3 Bb7 11. Qe2 b5 12. axb5 axb5 13. dxe5 dxe5 14. Rxa8 Qxa8 15. Rd1 Qb8 16. Bg5 Nc5 17. Ba2 Qc7 18. Qe3 Ncd7 19. Ne2 Bc5 20. Qc1 Nxe4 21. Bh4 Bc8 22. Nc3 Nef6 23. Qg5 h6 24. Qg6 Be7 25. Bg5 Nd5 26. Nxd5 cxd5 27. Rxd5 Bxg5 28. Nxg5 hxg5 29. Qxg5 b4 30. Bb3 Re8 31. Rd3 Qc6 32. Rf3 Rf8 33. h4 e4 34. Rg3 Qf6 35. Qb5 Qe7 36. h5 Kh8 37. h6 g6 38. Qe2 Nf6 39. Qe3 Kh7 40. Qd4 Rd8 41. Qe3 Ng4 42. Qe2 f5 43. Rh3 Ne5 44. c3 Be6 45. Bxe6 Qxe6 46. cxb4 Nd3 47. Rxd3 Rxd3 0-1


[Site "https://www.chess.com"]

[Event "Titled Tuesday Blitz September 20 Late 2022"]
[White "Melikyan, Gnel"]
[Black "Moroni, Luca Jr"]
[WhiteFideId "54109990"]
[BlackFideId "865834"]
[WhiteElo "1772"]
[BlackElo "2573"]
[Result "0-1"]
[Round "03"]
[TimeControl "180+1"]
[Date "2022.09.20"]
[WhiteClock "0:00:02"]
[BlackClock "0:00:39"]

1. e4 g6 2. d4 Bg7 3. Nf3 d6 4. Bc4 Nf6 5. Qe2 O-O 6. O-O c6 7. c3 Nxe4 8. Qxe4 d5 9. Qe2 dxc4 10. Qxc4 Bg4 11. Ne5 Be6 12. Qe2 Nd7 13. Nxd7 Qxd7 14. Bf4 b5 15. Nd2 a5 16. Be5 f6 17. Bf4 Rfe8 18. Rfe1 Bd5 19. Ne4 h5 20. Nc5 Qf5 21. Bg3 a4 22. Ne6 g5 23. Nxg7 Kxg7 24. Qxh5 e6 25. a3 Bc4 26. Re3 Qc2 27. Rae1 Rh8 28. Qf3 Qxb2 29. Qxc6 Raf8 30. Bd6 Rf7 31. Bb4 Rh4 32. Qe8 Rf4 33. f3 g4 34. Bd6 gxf3 35. gxf3 Rf5 36. Bg3 Qxa3 37. Re4 Rg5 38. Rh4 Qf8 39. Qc6 a3 40. f4 Rg6 41. f5 exf5 42. Kh1 a2 43. Bf4 Qd8 0-1


[Site "https://www.chess.com"]

[Event "Titled Tuesday Blitz September 20 Late 2022"]
[White "Melkumyan, Hrant"]
[Black "Christiansen, Johan-Sebastian"]
[WhiteFideId "13302485"]
[BlackFideId "1512668"]
[WhiteElo "2604"]
[BlackElo "2513"]
[Result "0-1"]
[Round "03"]
[TimeControl "180+1"]
[Date "2022.09.20"]
[WhiteClock "0:00:02"]
[BlackClock "0:00:29"]

1. Nf3 c5 2. c4 Nc6 3. Nc3 g6 4. g3 Bg7 5. Bg2 e6 6. d4 Nxd4 7. Nxd4 cxd4 8. Nb5 Qb6 9. a4 a6 10. c5 Qxc5 11. b4 Qb6 12. Na3 Ne7 13. O-O d5 14. Nc2 d3 15. Qxd3 Bxa1 16. Nxa1 O-O 17. Nc2 e5 18. Ne3 Be6 19. Bb2 f6 20. Nxd5 Nxd5 21. Bxd5 Rfd8 22. Bxe6+ Qxe6 23. Qe3 Rac8 24. Qa7 Rc2 25. Bc1 Qc6 26. Be3 Rxe2 27. h4 Rb2 28. b5 axb5 29. axb5 Rxb5 30. h5 gxh5 31. Qa2+ Qd5 32. Qe2 e4 33. Rc1 Qf5 34. Qc4+ Rbd5 35. Rd1 h4 36. Rd4 hxg3 37. Rxe4 gxf2+ 38. Bxf2 h5 39. Rf4 Qg5+ 40. Kh2 b5 41. Qe4 Re5 42. Qf3 Rd3 43. Qa8+ Kh7 44. Qb7+ Kg6 0-1


[Site "https://www.chess.com"]

[Event "Titled Tuesday Blitz September 20 Late 2022"]
[White "Muradli, Mahammad"]
[Black "Sokolovsky, Yahli"]
[WhiteFideId "13409301"]
[BlackFideId "2820242"]
[WhiteElo "2611"]
[BlackElo "1920"]
[Result "1-0"]
[Round "03"]
[TimeControl "180+1"]
[Date "2022.09.20"]
[WhiteClock "0:01:20"]
[BlackClock "0:00:07"]

1. Nf3 d5 2. e3 c6 3. c4 Nf6 4. b3 Bg4 5. Bb2 e6 6. Be2 Nbd7 7. d4 Bd6 8. Nbd2 O-O 9. O-O a5 10. a3 a4 11. b4 dxc4 12. Nxc4 Bc7 13. h3 Bh5 14. Rc1 Nb6 15. Nxb6 Bxb6 16. Ne5 Bxe2 17. Qxe2 Nd7 18. Nc4 Bc7 19. Rfd1 Nb6 20. Na5 Qb8 21. e4 Rd8 22. Rc3 Nd7 23. Nc4 Nf6 24. Rcd3 Qa7 25. g4 Rd7 26. Ne5 Re7 27. g5 Nd7 28. Ng4 Qa6 29. Qf3 Qc4 30. d5 exd5 31. exd5 Ne5 32. Bxe5 Bxe5 33. dxc6 Bc7 34. cxb7 Rae8 35. Kg2 Qb5 36. Qd5 Qb6 37. Re3 Rxe3 38. Nxe3 Re5 39. Qf3 Rxg5+ 40. Kh1 Rb5 41. Rd7 Qxb7 42. Qxb7 Rxb7 43. Nd5 h5 44. Rxc7 Rb5 45. Rc5 Rb7 46. b5 Rd7 47. b6 1-0


[Site "https://www.chess.com"]

[Event "Titled Tuesday Blitz September 20 Late 2022"]
[White "Nakamura, Hikaru"]
[Black "Pakleza, Zbigniew"]
[WhiteFideId "2016192"]
[BlackFideId "1119290"]
[WhiteElo "2850"]
[BlackElo "2411"]
[Result "1-0"]
[Round "03"]
[TimeControl "180+1"]
[Date "2022.09.20"]
[WhiteClock "0:00:58"]
[BlackClock "0:00:05"]

1. g3 d5 2. Bg2 Nf6 3. d3 Bf5 4. c4 c6 5. Qb3 Qb6 6. cxd5 Qxb3 7. axb3 Nxd5 8. Nc3 Nb4 9. Ra4 e6 10. Nf3 Nd7 11. Nd4 Bg6 12. Kd1 Be7 13. Nc2 Nd5 14. Nxd5 exd5 15. Be3 a6 16. b4 O-O 17. Bd4 Rfe8 18. Kd2 Nf8 19. e3 Bf5 20. Rha1 Rad8 21. Bc3 Rd6 22. Nd4 Bc8 23. Rf1 Rh6 24. h4 Rg6 25. Bf3 Rd6 26. h5 h6 27. Raa1 Bf6 28. Nb3 Nh7 29. Nc5 Ng5 30. Be2 Re7 31. Nb3 Bh3 32. Rg1 Bc8 33. g4 Bxc3+ 34. bxc3 f5 35. gxf5 Bxf5 36. f4 Ne6 37. Bg4 Bxg4 38. Rxg4 Rf7 39. Rg6 Kf8 40. Rag1 Ke7 41. R1g4 b6 42. Nd4 Nxd4 43. cxd4 Rxg6 44. Rxg6 Kd7 45. Rg4 Kc8 46. e4 a5 47. bxa5 bxa5 48. f5 a4 49. Rg6 Kb7 50. Kc3 Re7 51. e5 Rf7 52. e6 Re7 53. Rxg7 Rxg7 54. f6 Rg1 55. e7 a3 56. Kb3 1-0


[Site "https://www.chess.com"]

[Event "Titled Tuesday Blitz September 20 Late 2022"]
[White "Ozen, Bahadir"]
[Black "Taboas Rodriguez, Daniel"]
[WhiteFideId "6337058"]
[BlackFideId "2208466"]
[WhiteElo "2503"]
[BlackElo "2429"]
[Result "1-0"]
[Round "03"]
[TimeControl "180+1"]
[Date "2022.09.20"]
[WhiteClock "0:01:17"]
[BlackClock "0:01:04"]

1. Nf3 Nf6 2. g3 b6 3. Bg2 Bb7 4. O-O g6 5. c4 Bg7 6. d4 O-O 7. Qc2 c5 8. d5 b5 9. e4 bxc4 10. Nbd2 Na6 11. a3 e6 12. d6 Ne8 13. Nxc4 Nb8 14. Bg5 f6 15. Be3 Qc8 16. Rfd1 f5 17. e5 h6 18. h4 Be4 19. Qd2 Qc6 20. Ne1 Bxg2 21. Nxg2 Na6 22. Bxh6 Rb8 23. Rac1 Kh7 24. Bxg7 Nxg7 25. Nf4 Rb3 26. Na5 Qb5 27. Nxb3 Qxb3 28. Qd3 Qb6 29. Qc4 Rb8 30. Rc2 Qa5 31. Kg2 Rb6 32. Rd3 Rc6 33. Rb3 Qe1 34. Re3 Qd1 35. Rc1 Qg4 36. f3 1-0


[Site "https://www.chess.com"]

[Event "Titled Tuesday Blitz September 20 Late 2022"]
[White "Panarin, Mikhail"]
[Black "Naroditsky, Daniel"]
[WhiteFideId "4153251"]
[BlackFideId "2026961"]
[WhiteElo "2495"]
[BlackElo "2628"]
[Result "1-0"]
[Round "03"]
[TimeControl "180+1"]
[Date "2022.09.20"]
[WhiteClock "0:00:04"]
[BlackClock "0:00:04"]

1. e4 e5 2. Nf3 Nc6 3. Bb5 f5 4. Nc3 fxe4 5. Nxe4 Nf6 6. Nxf6+ Qxf6 7. Qe2 Be7 8. Bxc6 bxc6 9. d4 exd4 10. Bg5 Qf7 11. O-O-O Qe6 12. Qxe6 dxe6 13. Bxe7 Kxe7 14. Nxd4 c5 15. Nb5 a6 16. Nc3 Bb7 17. f3 Bc6 18. Rhe1 Rad8 19. Rxd8 Rxd8 20. Re5 Kd6 21. Rg5 g6 22. Kd2 Rf8 23. Ke3 e5 24. Rg4 Rb8 25. b3 Rb4 26. Ne4+ Bxe4 27. Rxe4 Rd4 28. c3 Rd1 29. Ra4 Rg1 30. Rxa6+ c6 31. Kf2 Rc1 32. c4 h5 33. h4 Rc2+ 34. Kg3 Rc3 35. Ra8 e4 36. Kf4 e3 37. Re8 Rc2 38. g3 e2 39. a4 Rb2 40. a5 Kd7 41. Re4 Kc7 42. g4 Kb7 43. gxh5 gxh5 44. Kg5 Ka6 45. f4 Kxa5 46. f5 Kb4 47. Re3 Rxb3 48. Rxe2 Kxc4 49. f6 Rg3+ 50. Kxh5 Rf3 51. Kg5 Kd5 52. h5 Rg3+ 53. Kf4 Rg1 54. h6 Rf1+ 55. Kg5 Rg1+ 56. Kf5 Rf1+ 57. Kg6 Rg1+ 58. Kf7 Rh1 59. Kg7 Rg1+ 60. Kh8 Rf1 61. h7 Kd6 62. Kg7 Rg1+ 63. Kf7 Rh1 64. Kg6 Rg1+ 65. Kf7 Rh1 66. Kg8 Rg1+ 67. Kh8 Rf1 68. f7 Kd7 69. Kg7 Rg1+ 70. Kf8 Rh1 71. Rd2+ Kc7 72. Ke7 Re1+ 73. Kf6 Rf1+ 74. Kg6 Rg1+ 75. Kf5 Rh1 76. Ke4 Rh4+ 77. Kf3 Rh1 78. Kg2 Rxh7 79. f8=Q Kb6 80. Rb2+ 1-0


[Site "https://www.chess.com"]